 Dungeon Crawl Stone Soup version 0.14.0-15-g6b16f67 (webtiles) character file.

385 Heini the Covered (level 5, 0/47 HPs)
             Began as a Hill Orc Fighter on Apr 18, 2014.
             Slain by an orc
             ... wielding a +0,+0 club
              (4 damage)
             ... on Level 3 of the Dungeon.
             The game lasted 00:08:12 (2665 turns).

Heini the Covered (Hill Orc Fighter)                Turns: 2665, Time: 00:08:12

HP   0/47        AC 10     Str 25      XL: 5   Next: 60%
MP   5/5         EV  7     Int  8      God:
Gold 205         SH 20     Dex 10      Spells:  0 memorised,  4 levels left

rFire  . . .     SeeInvis .     a - +0 war axe
rCold  . . .     Clarity  .     b - +0 scale mail
rNeg   . . .     Conserve .     c - +0 shield
rPois  .         rCorr    .     (no helmet)
rElec  .         rRot     .     y - +1 cloak
SustAb . .       Spirit   .     (no gloves)
rMut   .         Warding  .     p - +0 pair of boots
Saprov + . .     Stasis   .     (no amulet)
MR     .....                    (no ring)
                                (no ring)

@: mighty, not resistant to hostile enchantments, extremely unstealthy
A: saprovore 1
a: Convert to Beogh


You were on level 3 of the Dungeon.
You were not hungry.

You visited 1 branch of the dungeon, and saw 3 of its levels.

You collected 205 gold pieces.

Inventory:

Hand weapons
 a - a +0,+0 war axe (weapon)
Armour
 b - a +0 scale mail (worn)
 c - a +0 shield (worn)
 p - a +0 pair of boots (worn)
 y - a +1 cloak (worn)
Magical devices
 o - a wand of random effects (14) {unknown}
Comestibles
 d - 2 meat rations
 g - a sausage
 l - 10 strawberries
 q - 4 bread rations
 x - a rotting chunk of adder flesh
 A - 2 rotting chunks of quokka flesh
Scrolls
 h - a scroll of teleportation
 k - 6 scrolls of identify {unknown}
 n - a scroll of remove curse
Jewellery
 i - a +2 ring of intelligence {unknown}
 m - an uncursed ring of see invisible {unknown}
 v - an uncursed ring of protection from magic {unknown}
Potions
 e - a potion of might
 f - a potion of lignification {unknown}
 j - 3 potions of curing
 r - 3 potions of agility {unknown}
 t - a potion of magic {unknown}
 w - a potion of mutation {unknown}
 z - a potion of cure mutation {unknown}
Books
 s - a book of the Sky

   Spells                             Type                      Level
   Flight                             Charms/Air                   3
   Airstrike                          Air                          4
   Silence                            Hexes/Air                    5
   Deflect Missiles                   Charms/Air                   6
   Conjure Ball Lightning             Conjuration/Air              6
   Tornado                            Air                          9


   Skills:
 * Level 4.4 Fighting
 * Level 4.4 Axes
 * Level 4.6 Armour
 - Level 4.3 Shields


You had 4 spell levels left.
You didn't know any spells.

Dungeon Overview and Level Annotations

Branches:
Dungeon (3/15)

Altars:


Innate Abilities, Weirdness & Mutations

You can tolerate rotten meat.


Message History

You are more poisoned.
You hit the orc but do no damage.
You feel very sick.
Use which ability? (? or * to list)
Okay, then.
Drink which item? (? for menu, Esc to quit)
You feel very mighty all of a sudden.
You feel sick.
The orc priest calls down the wrath of Beogh upon you.
Something smites you!
* * * LOW HITPOINT WARNING * * *
Drink which item? (? for menu, Esc to quit)
You feel better. The orc hits you but does no damage.
The orc priest invokes the aid of Beogh against you.
Something smites you!
* * * LOW HITPOINT WARNING * * *
You slash the orc!
The orc is almost dead.
The orc hits you with a club.
You die...

###..........#
####.....
#..........# ##....
#..........# #.###
#..........# #.#
#..........# # #.#
#..........# .# #.#
#..........# ..#
#.#
#..[......o#o..##..
#.#
####...(((@ooo.....
#.#####.#K..##..
#.# #.# ..# #.# #.#
## #.# #.# #.# #.#
... #.# ### #.# #<#


You could see 2 orc priests, 3 orcs and a kobold.

Vanquished Creatures
  Crazy Yiuf (D:2)
  9 adders
  2 worms
  A giant gecko (D:1)
  An ooze (D:3)
  6 ball pythons
  5 giant cockroaches
  2 hobgoblins
  3 jackals (D:2)
  7 kobolds
  11 bats
  2 giant newts
  6 goblins
  3 quokkas
  5 rats
64 creatures vanquished.

Notes
Turn   | Place    | Note
--------------------------------------------------------------
     0 | D:1      | Heini, the Hill Orc Fighter, began the quest for the Orb.
     0 | D:1      | Reached XP level 1. HP: 19/19 MP: 1/1
   119 | D:1      | Reached XP level 2. HP: 5/27 MP: 2/2
   641 | D:1      | Reached skill level 4 in Fighting
  1107 | D:2      | Reached XP level 3. HP: 24/33 MP: 3/3
  1541 | D:2      | Reached XP level 4. HP: 32/40 MP: 4/4
  1831 | D:2      | Noticed Crazy Yiuf
  1843 | D:2      | HP: 2/40 [Crazy Yiuf/quarterstaff of chaos (1)]
  1848 | D:2      | Killed Crazy Yiuf
  1848 | D:2      | HP: 1/40 [poisoned by Crazy Yiuf]
  2152 | D:2      | Reached XP level 5. HP: 46/46 MP: 5/5
  2665 | D:3      | Slain by an orc

Action                   |  1- 3 |  4- 6 || total
-------------------------+-------+-------++-------
Melee: War axe           |   174 |   104 ||   278
  Use: Potion            |       |     3 ||     3
       Scroll            |       |     3 ||     3
